 Dungeon Crawl Stone Soup version 0.31-a0-237-g2d982f9f85 (webtiles) character file.

Game seed: 2560660497794139989

61 qw the Shooter (level 4, -2/26 HPs)
             Began as a Gargoyle Hexslinger on July 10, 2023.
             Slain by Terence
             ... wielding a +4 mace of venom
              (12 damage)
             ... on level 2 of the Dungeon.
             The game lasted 00:00:22 (1291 turns).

qw the Shooter (Gargoyle Hexslinger)                Turns: 1291, Time: 00:00:22

Health: -2/26      AC:  5    Str: 12    XL:     4   Next: 7%
Magic:  5/5        EV: 12    Int: 13    God:
Gold:   68         SH:  0    Dex: 14    Spells: 4/5 levels left

rFire   . . .        Y - +1 sling
rCold   . . .        (no shield)
rNeg    + . .        c - +0 robe
rPois   inf          (no helmet)
rElec   +            (no cloak)
rCorr   .            (no gloves)
SInv    .            (no boots)
Will    .....        (no amulet)
Stlth   +            (no ring)
HPRegen 0.24/turn    (no ring)
MPRegen 0.09/turn

%: no passive effects
@: no status effects
A: sickness immunity, AC +3, negative energy resistance 1, electricity
resistance, torment resistance 1, petrification resistance
a: no special abilities


You were on level 2 of the Dungeon.
You visited 1 branch of the dungeon, and saw 2 of its levels.

You collected 68 gold pieces.


Innate Abilities, Weirdness & Mutations

You are immune to sickness and miasma.
Your stone body is resilient. (AC +3)
You are immune to poison.
You resist negative energy. (rN+)
You are resistant to electric shocks. (rElec)
You are resistant to unholy torment.
You are immune to petrification.


   Skills:
 - Level 2.0 Fighting
 + Level 3.9 Ranged Weapons
 - Level 1.5 Dodging
 - Level 1.0 Spellcasting
 - Level 2.6 Hexes


You had 4 spell levels left.
You knew the following spells:

 Your Spells              Type           Power      Damage    Failure   Level
a - Slow                  Hex            28%        N/A       10%         1

Your spell library contained the following spells:

 Spells                   Type           Power      Damage    Failure   Level
 Inner Flame              Hex/Fire       4%         N/A       43%         3
 Portal Projectile        Hex/Tloc       8%         N/A       43%         3
 Cause Fear               Hex            3%         N/A       67%         4

Inventory:

Hand Weapons
 Y - a +1 sling (weapon)
Armour
 c - a +0 robe (worn)
 h - a +0 leather armour
Jewellery
 e - an amulet of magic regeneration
Scrolls
 a - 2 scrolls of teleportation
 b - a scroll of amnesia {unknown}
 g - 2 scrolls of identify {unknown}
 k - a scroll of torment {unknown}
Potions
 d - a potion of enlightenment {unknown}
 f - a potion of might {unknown}
 i - a potion of heal wounds {unknown}
 j - a potion of mutation {unknown}

Dungeon Overview and Level Annotations

Branches:
Dungeon (2/15)

Altars:

Shops:
D:1 !

Annotations:
D:2 Jessica, Terence


Message History

Enter note:
Enter note:
Enter note:
Enter note:
Enter note:
Enter note:
Enter note:
Enter note:
Enter note: You shoot a sling bullet.
Jessica shouts!
The sling bullet hits Terence.
Terence is moderately wounded.
You shoot a sling bullet. The sling bullet hits Terence!
Terence is heavily wounded.
You shoot a sling bullet.
The sling bullet hits Terence but does no damage.
Terence is heavily wounded.
Terence hits you with a +4 mace of venom!
You shoot a sling bullet. The sling bullet hits Terence.
Terence is almost dead.
Terence misses you.
You shoot a sling bullet.
The sling bullet hits Terence but does no damage.
Terence is almost dead.
The giant cockroach waves its antennae.
Terence hits you with a +4 mace of venom.
You shoot a sling bullet.
The sling bullet closely misses Terence.
The sling bullet hits Jessica.
Jessica is moderately wounded.
Jessica casts a spell.
Jessica seems to speed up.
Terence barely misses you.
Terence shouts, "Get ready for death!"
Terence hits you with a +4 mace of venom.
You shoot a sling bullet.
The sling bullet hits Terence but does no damage.
Terence is almost dead.
Terence hits you with a +4 mace of venom!
You die...

#.# ... #. #.#
+# #.# #.# ...
#.# ##.# ....
#.# ###..# .....
#..
#....####......
####..
##......@@@.....
+.....
#.....####B.....
####.. #....##
..... #.. #...##
.... #.# ##.##
... ###.#
#.######### #+#
#....
#.#.......###.##
#.#.#
#.#.#####.##...#
#.#..
#.#.#..........#
#.###


You could see Terence, Jessica (fast) and a giant cockroach.

Vanquished Creatures
  3 adders (D:2)
  A dart slug (D:1)
  5 ball pythons
  4 bats (D:1)
  2 endoplasms (D:1)
  A giant cockroach (D:1)
  4 goblins
  2 hobgoblins (D:2)
  4 kobolds
  2 frilled lizards (D:1)
  4 rats
32 creatures vanquished.

Notes
Turn   | Place    | Note
-------+----------+-------------------------------------------
     0 | D:1      | qw the Gargoyle Hexslinger began the quest for the Orb.
     0 | D:1      | Reached XP level 1. HP: 12/12 MP: 2/2
     0 | D:1      | 0 ||| qw: Version: 0.3-a-52-g30416fa
     0 | D:1      | 0 ||| qw: Game counter: 4978
     0 | D:1      | 0 ||| qw: Melee chars always use a shield: true
     0 | D:1      | 0 ||| qw: God list: Okawaru
     0 | D:1      | 0 ||| qw: Allow faded altars: false
     0 | D:1      | 0 ||| qw: Do Orc after clearing Dungeon:15 true
     0 | D:1      | 0 ||| qw: Do second Lair branch before Depths: true
     0 | D:1      | 0 ||| qw: Lair rune preference: random
     0 | D:1      | 0 ||| qw: Goals: Normal
     0 | D:1      | 0 ||| PLANNING D:1-11
   126 | D:1      | Found Xuho's Distillery.
   131 | D:1      | 131 ||| SHOPLISTING potion of cancellation (80 gold, have
                  | 0).
   131 | D:1      | 131 ||| SHOPLISTING potion of curing (30 gold, have 0).
   131 | D:1      | 131 ||| SHOPLISTING potion of haste (100 gold, have 0).
   131 | D:1      | 131 ||| SHOPLISTING potion of heal wounds (50 gold, have
                  | 0).
   131 | D:1      | 131 ||| SHOPLISTING potion of might (40 gold, have 0).
   164 | D:1      | Reached XP level 2. HP: 16/16 MP: 3/3
   217 | D:1      | Reached skill level 3 in Ranged Weapons
   629 | D:1      | Reached XP level 3. HP: 21/21 MP: 4/4
   764 | D:1      | 764 ||| READING 2 scrolls labelled RAJ ZALYACZOL.
   769 | D:1      | 769 ||| DROPPING scroll of poison.
  1033 | D:2      | Reached XP level 4. HP: 25/26 MP: 5/5
  1284 | D:2      | Noticed Terence
  1284 | D:2      | Noticed Jessica
  1291 | D:2      | Slain by Terence

Levels and vault maps discovered:
D:1:      matt_arrival_grand_opening, layout_basic, serial_shops, shop
D:2:      layout_loops_corners, shapermc_ecumenical_altar_venn, uniq_terence,
          uniq_robin, uniq_jessica

Skill      XL: |  1  2 |
---------------+-------+-----
Ranged Weapons | 3 |  3.9
Fighting       | 2 |  2.0
Dodging        | |  1.5
Spellcasting   | |  1.0
Hexes          | |  2.6

Action                     |  1- 3 |  4- 6 || total
---------------------------+-------+-------++-------
   Fire: Sling             |    70 |     9 ||    79
    Use: Scroll            |     1 |       ||     1
 Armour: Robe              |    11 |       ||    11
  Dodge: Dodged            |    12 |     2 ||    14

Table legend:
 A = Non-vault XP
 B = Vault XP
 C = Vault XP percentage of total XP
 D = Non-vault monster count
 E = Vault monster count
 F = Vault count percentage of total count
                 A         B        C        D         E       F
            +---------+---------+-------+---------+---------+-------
      Total |      88 |       0 |   0.0 |      32 |       0 |   0.0
            +---------+---------+-------+---------+---------+-------
        D:1 |      37 |       0 |   0.0 |      22 |       0 |   0.0
        D:2 |      51 |       0 |   0.0 |      10 |       0 |   0.0
            +---------+---------+-------+---------+---------+-------
